 Dungeon Crawl Stone Soup version 0.31-a0-236-g9a0961fb85 (webtiles) character file.

Game seed: 13527187727065856174

177 qw the Shooter (level 5, -2/30 HPs)
             Began as a Gargoyle Hexslinger on July 10, 2023.
             Slain by Menkaure (11 damage)
             ... on level 4 of the Dungeon.
             The game lasted 00:01:07 (2614 turns).

qw the Shooter (Gargoyle Hexslinger)                Turns: 2614, Time: 00:01:07

Health: -2/30      AC:  9    Str: 11    XL:     5   Next: 57%
Magic:  6/6        EV: 11    Int: 14    God:
Gold:   81         SH:  0    Dex: 16    Spells: 5/6 levels left

rFire   . . .        Y - +1 sling
rCold   . . .        (no shield)
rNeg    + . .        f - +2 leather armour of Iloatim {Stlth+}
rPois   inf          (no helmet)
rElec   +            (no cloak)
rCorr   .            (no gloves)
SInv    +            (no boots)
Will    .....        (no amulet)
Stlth   +++          e - ring of see invisible
HPRegen 0.25/turn    j - ring of protection from fire
MPRegen 0.10/turn

%: no passive effects
@: flying
A: sickness immunity, AC +4, negative energy resistance 1, electricity
resistance, torment resistance 1, petrification resistance, big wings, talons 1,
thin skeletal structure 1, heat vulnerability 1
a: no special abilities


You were on level 4 of the Dungeon.
You visited 1 branch of the dungeon, and saw 4 of its levels.

You collected 105 gold pieces.
You spent 24 gold pieces at shops.


Innate Abilities, Weirdness & Mutations

You are immune to sickness and miasma.
Your stone body is resilient. (AC +4)
You are immune to poison.
You resist negative energy. (rN+)
You are resistant to electric shocks. (rElec)
You are resistant to unholy torment.
You are immune to petrification.
Your large and strong wings let you fly.
You have sharp toenails.
You have a somewhat thin skeletal structure. (Dex +2, Stealth+)
You are vulnerable to heat. (rF-)


   Skills:
 + Level 2.0 Fighting
 - Level 5.0 Ranged Weapons
 - Level 1.5 Armour
 - Level 1.5 Dodging
 - Level 1.0 Spellcasting
 - Level 2.6 Hexes


You had 5 spell levels left.
You knew the following spells:

 Your Spells              Type           Power      Damage    Failure   Level
a - Slow                  Hex            32%        N/A       12%         1

Your spell library contained the following spells:

 Spells                   Type           Power      Damage    Failure   Level
 Inner Flame              Hex/Fire       4%         N/A       52%         3
 Portal Projectile        Hex/Tloc       8%         N/A       52%         3
 Cause Fear               Hex            4%         N/A       75%         4

Inventory:

Hand Weapons
 Y - a +1 sling (weapon)
Armour
 f - the +2 leather armour of Iloatim (worn) {Stlth+}
   (You found it on level 3 of the Dungeon)

   Stlth:     It makes you more stealthy.
Jewellery
 e - a ring of see invisible (left hand)
 j - a ring of protection from fire (right hand)
Scrolls
 a - 5 scrolls of teleportation
 b - a scroll of identify
Potions
 c - a potion of enlightenment {unknown}
 g - a potion of degeneration {unknown}
 i - a potion of attraction {unknown}

Dungeon Overview and Level Annotations

Branches:
Dungeon (4/15)
 Temple: D:4-7

Altars:
Vehumet

Shops:
D:2 ?

Annotations:
D:4 Menkaure


Message History

The ball python constricts you.
You shoot a sling bullet.
The sling bullet closely misses the ball python.
The sling bullet hits Menkaure but does no damage.
Menkaure is severely damaged.
The jackal bites you but does no damage.
The jackal barely misses you.
The ball python bites you but does no damage.
The ball python constricts you.
The jackal bites you but does no damage.
The jackal barely misses you.
You shoot a sling bullet.
The sling bullet barely misses the ball python.
The sling bullet hits Menkaure.
Menkaure is almost destroyed.
The ball python barely misses you. The ball python constricts you.
The jackal bites you but does no damage. x2
Menkaure casts a spell.
Menkaure seems to speed up.
The ball python bites you but does no damage.
The ball python constricts you.
The jackal bites you but does no damage.
You shoot a sling bullet. The sling bullet hits the ball python.
You kill the ball python!
The jackal bites you but does no damage.
The jackal bites you. The jackal closely misses you.
Menkaure calls on the powers of darkness!
Your body is wracked with pain!
The jackal convulses!
You shoot a sling bullet.
The sling bullet hits Menkaure but does no damage.
Menkaure is almost destroyed.
The jackal bites you but does no damage.
The jackal closely misses you. x2
Menkaure points at you and mumbles some strange words.
Pain shoots through your body! The jackal bites you.
You shoot a sling bullet.
The sling bullet hits Menkaure but does no damage.
Menkaure is almost destroyed.
The jackal closely misses you. Menkaure hits you!
You die...

#.........'......#.............
#+#########......#...##########
..............#...#
..............#...#
..............#...#
..............#...#
.....:........#####
########....h......
#...@M....%. #....h......
#........... #...........
#........### #........+
#........# #........#


You could see Menkaure (fast) and 2 jackals.

Vanquished Creatures
  A hound (D:3)
  A jelly (D:4)
  An iguana (D:3)
  3 adders
  A dart slug (D:2)
  5 orcs (D:3)
  10 endoplasms
  2 goblins
  3 hobgoblins
  A jackal (D:4)
  9 kobolds
  A quokka (D:2)
  7 ball pythons
  4 bats
  3 frilled lizards
  9 rats
61 creatures vanquished.

Notes
Turn   | Place    | Note
-------+----------+-------------------------------------------
     0 | D:1      | qw the Gargoyle Hexslinger began the quest for the Orb.
     0 | D:1      | Reached XP level 1. HP: 12/12 MP: 2/2
     0 | D:1      | 0 ||| qw: Version: 0.3-a-52-g30416fa
     0 | D:1      | 0 ||| qw: Game counter: 4722
     0 | D:1      | 0 ||| qw: Melee chars always use a shield: true
     0 | D:1      | 0 ||| qw: God list: Okawaru
     0 | D:1      | 0 ||| qw: Allow faded altars: false
     0 | D:1      | 0 ||| qw: Do Orc after clearing Dungeon:15 true
     0 | D:1      | 0 ||| qw: Do second Lair branch before Depths: true
     0 | D:1      | 0 ||| qw: Lair rune preference: random
     0 | D:1      | 0 ||| qw: Goals: Normal
     0 | D:1      | 0 ||| PLANNING D:1-11
   151 | D:1      | Reached XP level 2. HP: 16/16 MP: 3/3
   416 | D:1      | Reached skill level 3 in Ranged Weapons
   787 | D:1      | 787 ||| UPGRADING to +0 ring mail.
   797 | D:1      | 797 ||| DROPPING +0 robe.
   798 | D:1      | 798 ||| UPGRADING to ring of see invisible.
   799 | D:1      | 799 ||| UPGRADING to ring of protection from fire.
   800 | D:1      | 800 ||| READING 2 scrolls labelled EWKACE NEIM.
   803 | D:1      | 803 ||| READING scroll labelled BUOCVEODIE.
   804 | D:1      | 804 ||| READING scroll labelled WEAHOCSUXE.
   805 | D:1      | 805 ||| DROPPING scroll of poison.
   959 | D:2      | Found a faded altar of an unknown god.
  1122 | D:2      | Reached XP level 3. HP: 21/21 MP: 4/4
  1184 | D:2      | Found Mufolaint's Magic Scroll Boutique.
  1190 | D:2      | 1190 ||| BUYING scroll of identify (24 gold).
  1190 | D:2      | Bought a scroll of identify for 24 gold pieces
  1190 | D:2      | 1190 ||| SHOPLISTING scroll of identify (24 gold, have 19).
  1190 | D:2      | 1190 ||| SHOPLISTING scroll of teleportation (36 gold, have
                  | 19).
  1360 | D:2      | 1360 ||| Stepping ~*~*~tactically~*~*~ (water).
  1567 | D:2      | 1567 ||| READING scroll labelled ZIKKEB MIEX.
  1568 | D:2      | 1568 ||| READING scroll labelled OLEJEITYSE.
  1585 | D:2      | 1585 ||| READING 2 scrolls of identify.
  1585 | D:2      | 1585 ||| IDENTIFYING fizzy orange potion
  1586 | D:2      | 1586 ||| DROPPING potion of lignification.
  1732 | D:3      | Identified the +2 leather armour of Iloatim {Stlth+}
  1748 | D:3      | Identified the +3 whip of Ularaps {heavy, rF+++ Str-2
                  | Int+5}
  1766 | D:3      | Reached XP level 4. HP: 23/26 MP: 5/5
  1834 | D:3      | Reached skill level 4 in Ranged Weapons
  1890 | D:3      | Reached skill level 1 in Armour
  1967 | D:3      | Found a radiant altar of Vehumet.
  2132 | D:3      | Reached XP level 5. HP: 16/30 MP: 6/6
  2408 | D:3      | 2408 ||| UPGRADING to +2 leather armour of Iloatim
                  | {Stlth+}.
  2418 | D:3      | 2418 ||| DROPPING +0 ring mail.
  2419 | D:3      | 2419 ||| READING scroll labelled SOFEZ QASAFIOBUHI.
  2420 | D:3      | 2420 ||| DRINKING 2 fizzy cyan potions.
  2420 | D:3      | Gained mutation: Your large and strong wings let you fly.
                  | [potion of mutation]
  2420 | D:3      | Gained mutation: You occasionally lose the ability to read
                  | scrolls when taking damage. [potion of mutation]
  2421 | D:3      | 2421 ||| DRINKING potion of mutation.
  2421 | D:3      | Lost mutation: You occasionally lose the ability to read
                  | scrolls when taking damage. [potion of mutation]
  2421 | D:3      | Lost mutation: Your large and strong wings let you fly.
                  | [potion of mutation]
  2421 | D:3      | Gained mutation: Your large and strong wings let you fly.
                  | [potion of mutation]
  2421 | D:3      | Gained mutation: You have a somewhat thin skeletal
                  | structure. (Dex +2, Stealth+) [potion of mutation]
  2421 | D:3      | Gained mutation: You are vulnerable to heat. (rF-) [potion
                  | of mutation]
  2421 | D:3      | Gained mutation: You have sharp toenails. [potion of
                  | mutation]
  2561 | D:4      | Reached skill level 5 in Ranged Weapons
  2603 | D:4      | Noticed Menkaure
  2614 | D:4      | Slain by Menkaure

Levels and vault maps discovered:
D:1:      minmay_arrival_stone_box, layout_basic,
          wander_ebering_terrifying_dragon_lair
D:2:      layout_basic, dreamdust_ecumenical_altar_grove, serial_shops, shop,
          serial_rivers, chequers_serial_rivers_micro_a,
          chequers_serial_rivers_small_a, chequers_serial_rivers_micro_b,
          chequers_serial_rivers_small_b, chequers_serial_rivers_micro_a,
          chequers_serial_rivers_micro_a
D:3:      layout_loops_ring, nicolae_vehumet_radiance, serial_park_tiny_1
D:4:      layout_gridville, mainiacjoe_overflow_surrounded_room,
          elyvilon_altar_4, nrook_campfire, uniq_robin, uniq_menkaure

Skill      XL: |  1  2  3  4  5 |
---------------+----------------+-----
Ranged Weapons | 3 4 5 |  5.0
Fighting       | 2 |  2.0
Armour         | 1 |  1.5
Dodging        | |  1.5
Spellcasting   | |  1.0
Hexes          | |  2.6

Action                     |  1- 3 |  4- 6 || total
---------------------------+-------+-------++-------
   Fire: Sling             |   134 |    92 ||   226
    Use: Scroll            |     6 |     1 ||     7
         Potion            |       |     2 ||     2
 Armour: Robe              |     9 |       ||     9
         Ring mail         |    17 |    11 ||    28
         Leather armour    |       |    14 ||    14
  Dodge: Dodged            |    33 |    47 ||    80

Table legend:
 A = Non-vault XP
 B = Vault XP
 C = Vault XP percentage of total XP
 D = Non-vault monster count
 E = Vault monster count
 F = Vault count percentage of total count
                 A         B        C        D         E       F
            +---------+---------+-------+---------+---------+-------
      Total |     252 |       1 |   0.4 |      60 |       1 |   1.6
            +---------+---------+-------+---------+---------+-------
        D:1 |      21 |       1 |   4.5 |      13 |       1 |   7.1
        D:2 |      41 |       0 |   0.0 |      18 |       0 |   0.0
        D:3 |     136 |       0 |   0.0 |      21 |       0 |   0.0
        D:4 |      54 |       0 |   0.0 |       8 |       0 |   0.0
            +---------+---------+-------+---------+---------+-------
